Knights vs Diables
Created - 7 mars 2016 at 20:58
Goals
|
| Knights |
2 |
2 |
2 |
6 |
| Diables |
0 |
1 |
0 |
1 |
|
Shots
|
| Knights |
10 |
25 |
10 |
45 |
| Diables |
12 |
13 |
16 |
41 |
|
1st period
1. Knights , Joe Colborne 12 (Kevin Hayes) at 10:52
2. Knights , Magnus Paajarvi-Svensson 8 (James Wright) at 14:32
Penalties :
No Penalty
2nd period
3. Knights , Zack Hamill 38 (Michael Raffl, Alex Chiasson) at 4:14
4. Diables , Tyler Bozak 36 (Damien Brunner) at 12:58
5. Knights , Kevin Hayes 4 (Jason Zucker, Zbynek Michalek) at 18:27
Penalties :
Kellan Lain (Alm) for Holding (Minor) at 0:14, Garnet Exelby (Lon) for Hooking (Minor) at 9:50
3rd period
6. Knights , Joe Colborne 13 (Garnet Exelby, Jason Zucker) at 5:38
7. Knights , Zack Hamill 39 (Alex Chiasson) at 12:08 (PP)
Penalties :
Joe Colborne (Lon) for Hooking (Minor) at 10:06, Craig Smith (Alm) for Roughing (Minor) at 11:50, Tyler Bozak (Alm) for High sticking (Minor) at 12:32
Goalie Stats
Jacob Markstrom (Lon), 40 saves from 41 shots - (0,976), W, 31-21-1, 60:00 minutes
Frederik Andersen (Alm), 39 saves from 45 shots - (0,867), L, 25-19-2, 60:00 minutes
Players Stats for Knights
Player Name G A P +/- PIM S H SB GA TA FO MP PP MP PK MP
------------------------------------------------------------------------------------
Alex Chiasson 0 2 2 1 0 6 2 0 0 0 0/0 17:37 2:14 0:00
Chris Thorburn 0 0 0 -1 0 3 2 0 0 0 1/3 20:50 1:36 1:49
Garnet Exelby 0 1 1 4 2 1 1 0 1 0 0/0 22:02 2:24 0:40
James Wright 0 1 1 1 0 1 0 0 0 0 6/9 12:47 0:11 1:52
Jason Chimera 0 0 0 -1 0 4 3 1 1 1 0/3 20:33 2:11 0:53
Jason Zucker 0 2 2 3 0 2 0 0 0 1 0/0 10:15 1:36 0:00
Jimmy Hayes 0 0 0 1 0 5 2 0 1 0 0/0 10:43 0:00 0:00
Joe Colborne 2 0 2 3 2 3 2 1 0 0 2/2 9:06 0:03 0:25
Kevin Hayes 1 1 2 3 0 2 2 0 0 1 0/0 8:51 0:11 0:00
Magnus Paajarvi-Svensson 1 0 1 1 0 4 2 0 0 0 1/1 11:37 0:00 0:49
Michael Raffl 0 1 1 1 0 1 2 0 1 0 1/1 15:04 0:00 0:00
Nicklas Grossman 0 0 0 0 0 1 0 0 0 1 0/0 15:18 1:37 0:44
Nikita Nikitin 0 0 0 0 0 0 0 1 1 0 0/0 13:59 1:37 0:00
Niklas Hjalmarsson 0 0 0 0 0 1 0 3 0 2 0/0 26:52 2:21 2:19
Tomas Kundratek 0 0 0 0 0 3 2 4 0 1 0/0 22:59 0:00 2:19
Tyler Seguin 0 0 0 -1 0 1 2 0 1 0 15/30 19:41 1:36 0:35
Zack Hamill 2 0 2 1 0 6 0 1 2 0 9/19 18:52 2:25 1:03
Zbynek Michalek 0 1 1 4 0 1 2 1 0 0 0/0 18:54 0:03 1:24
Players Stats for Diables
Player Name G A P +/- PIM S H SB GA TA FO MP PP MP PK MP
------------------------------------------------------------------------------------
Brian Dumoulin 0 0 0 -1 0 0 0 0 0 0 0/0 3:11 0:00 0:00
Christian Thomas 0 0 0 -2 0 0 0 0 0 0 0/0 5:40 0:00 0:00
Craig Smith 0 0 0 -2 2 0 3 0 0 0 0/0 8:05 1:53 0:32
Damien Brunner 0 1 1 -1 0 5 1 1 2 0 0/0 23:49 1:49 2:21
Dustin Kohn 0 0 0 1 0 2 1 0 0 3 0/0 21:39 1:17 1:29
J.T. Brown 0 0 0 -2 0 0 0 1 0 0 0/0 5:40 0:00 0:00
Jamie Arniel 0 0 0 0 0 6 2 0 0 1 11/22 19:08 0:00 2:21
Jared Cowen 0 0 0 -2 0 0 2 1 0 1 0/0 23:12 2:26 1:29
Kellan Lain 0 0 0 -1 2 1 2 1 0 0 0/0 21:52 1:49 0:44
Lukas Krajicek 0 0 0 -3 0 2 1 2 0 0 0/0 26:59 2:26 2:32
Matt Jones 0 0 0 -2 0 0 0 2 1 0 0/0 13:39 0:00 2:32
Pierre-Cédric Labrie 0 0 0 0 0 2 3 0 0 0 1/2 18:22 1:54 0:00
Riley Sheahan 0 0 0 -1 0 1 0 0 0 2 3/7 10:29 0:00 0:00
Steve Quailer 0 0 0 0 0 1 3 1 2 0 0/0 18:22 1:54 0:00
Taylor Beck 0 0 0 -1 0 3 3 0 0 0 0/0 10:50 0:00 0:21
Tomas Kubalik 0 0 0 -1 0 8 0 0 1 0 1/1 11:37 0:00 1:08
Tyler Bozak 1 0 1 -1 2 7 2 1 1 1 17/36 21:47 1:49 0:35
Tyler Cuma 0 0 0 1 0 3 1 0 0 0 0/0 19:58 1:17 0:00
Tyson Barrie 0 0 0 -2 0 0 0 1 0 0 0/0 11:22 0:00 0:00
3 Stars
1 - Joe Colborne (Lon)
2 - Kevin Hayes (Lon)
3 - Zack Hamill (Lon)
Power Play
Knights - 1 on 3 Attempt(s) - 33,33%
Diables - 0 on 2 Attempt(s) - 0,00%
Penalty Kill
Knights - 2 on 2 Attempt(s) - 100,00%
- Score 0 goal in Penalty Kill
Diables - 2 on 3 Attempt(s) - 66,67%
- Score 0 goal in Penalty Kill
Team Stat
Knights - Hits : 24 - Faceoff Wins : 35 - Blocked Shots : 12 - Penalty Minutes : 4
Diables - Hits : 24 - Faceoff Wins : 33 - Blocked Shots : 11 - Penalty Minutes : 6
Official
Referees : Kowal Tom and McCauley Wes
Linesman : Mark Shewchyk and Derek Amell
Game Notes
No Game Note
Finance
Level 1 -- Attendance: 1494 (74,70%) -- Ticket Income 52 290 $
Level 2 -- Attendance: 786 (78,60%) -- Ticket Income 11 790 $
Total Attendance: 2280 (76,00%)
Total Ticket Income: 64 080 $
Other Income: 3 204 $
Total Income: 67 284 $
Knights
5 vs 5 Forward
Center Left Wing Right Wing Time % Phy DF OF
1 Tyler Seguin Jason Chimera Chris Thorburn 40 1 1 3
2 Zack Hamill Michael Raffl Alex Chiasson 30 1 1 3
3 James Wright Magnus Paajarvi-Svensson Jimmy Hayes 20 1 2 2
4 Joe Colborne Jason Zucker Kevin Hayes 10 1 2 2
5 vs 5 Defense
Defense Defense Time % Phy DF OF
1 Tomas Kundratek Niklas Hjalmarsson 40 1 2 2
2 Zbynek Michalek Garnet Exelby 30 1 2 2
3 Nikita Nikitin Nicklas Grossman 20 1 2 2
4 Garnet Exelby Zbynek Michalek 10 1 2 2
PowerPlay Forward
Center Left Wing Right Wing Time % Phy DF OF
1 Zack Hamill Jason Chimera Alex Chiasson 60 0 0 5
2 Tyler Seguin Jason Zucker Chris Thorburn 40 0 0 5
PowerPlay Defense
Defense Defense Time % Phy DF OF
1 Garnet Exelby Niklas Hjalmarsson 60 1 1 3
2 Nicklas Grossman Nikita Nikitin 40 1 1 3
Penalty Kill 4 Players Forward
Center Wing Time % Phy DF OF
1 James Wright Chris Thorburn 60 0 4 1
2 Joe Colborne Jason Chimera 40 0 4 1
Penalty Kill 4 Players Defense
Defense Defense Time % Phy DF OF
1 Tomas Kundratek Niklas Hjalmarsson 60 1 4 0
2 Garnet Exelby Zbynek Michalek 40 1 4 0
Penalty Kill - 3 Players Forward
Forward Time % Phy DF OF
1 James Wright 60 0 4 1
2 Joe Colborne 40 0 4 1
Penalty Kill - 3 Players Defense
Defense Defense Time % Phy DF OF
1 Niklas Hjalmarsson Garnet Exelby 60 1 4 0
2 Tomas Kundratek Zbynek Michalek 40 1 4 0
4 vs 4 Forward
Center Wing Time % Phy DF OF
1 Zack Hamill Alex Chiasson 60 0 1 4
2 Tyler Seguin Chris Thorburn 40 0 1 4
4 vs 4 Defense
Defense Defense Time % Phy DF OF
1 Niklas Hjalmarsson Tomas Kundratek 60 1 2 2
2 Garnet Exelby Zbynek Michalek 40 1 2 2
Last Minutes Offensive
Center Left Wing Right Wing Defense Defense
Zack Hamill Tyler Seguin Chris Thorburn Zbynek Michalek Garnet Exelby
Last Minutes Defensive
Center Left Wing Right Wing Defense Defense
James Wright Jason Chimera Chris Thorburn Zbynek Michalek Garnet Exelby
Goaltenders
Starting : Jacob Markstrom
Backup : Mark Dekanich
Extra Forwards
Normal : Tyler Seguin, Zack Hamill, James Wright - PP : James Wright, Zack Hamill - PK : Zack Hamill
Extra Defensemen
Normal : Garnet Exelby, Nicklas Grossman, Zbynek Michalek - PP : Garnet Exelby - PK : Garnet Exelby, Zbynek Michalek
Penalty Shots
Joe Colborne, Tyler Seguin, Jason Chimera, James Wright, Zack Hamill
Diables
5 vs 5 Forward
Center Left Wing Right Wing Time % Phy DF OF
1 Tyler Bozak Kellan Lain Damien Brunner 40 1 2 2
2 Jamie Arniel Pierre-Cédric Labrie Steve Quailer 30 1 2 2
3 Riley Sheahan Taylor Beck Tomas Kubalik 20 1 2 2
4 Craig Smith Christian Thomas J.T. Brown 10 1 2 2
5 vs 5 Defense
Defense Defense Time % Phy DF OF
1 Lukas Krajicek Jared Cowen 40 1 2 2
2 Dustin Kohn Tyler Cuma 30 1 2 2
3 Matt Jones Tyson Barrie 20 1 2 2
4 Brian Dumoulin Lukas Krajicek 10 1 2 2
PowerPlay Forward
Center Left Wing Right Wing Time % Phy DF OF
1 Tyler Bozak Kellan Lain Damien Brunner 60 1 2 2
2 Craig Smith Pierre-Cédric Labrie Steve Quailer 40 1 2 2
PowerPlay Defense
Defense Defense Time % Phy DF OF
1 Lukas Krajicek Jared Cowen 60 1 2 2
2 Dustin Kohn Tyler Cuma 40 1 2 2
Penalty Kill 4 Players Forward
Center Wing Time % Phy DF OF
1 Jamie Arniel Damien Brunner 60 1 2 2
2 Kellan Lain Tyler Bozak 40 1 2 2
Penalty Kill 4 Players Defense
Defense Defense Time % Phy DF OF
1 Lukas Krajicek Matt Jones 60 1 2 2
2 Dustin Kohn Jared Cowen 40 1 2 2
Penalty Kill - 3 Players Forward
Forward Time % Phy DF OF
1 Jamie Arniel 60 1 2 2
2 Damien Brunner 40 1 2 2
Penalty Kill - 3 Players Defense
Defense Defense Time % Phy DF OF
1 Lukas Krajicek Jared Cowen 60 1 2 2
2 Dustin Kohn Tyler Cuma 40 1 2 2
4 vs 4 Forward
Center Wing Time % Phy DF OF
1 Jamie Arniel Damien Brunner 60 1 2 2
2 Tyler Bozak Kellan Lain 40 1 2 2
4 vs 4 Defense
Defense Defense Time % Phy DF OF
1 Lukas Krajicek Matt Jones 60 1 2 2
2 Dustin Kohn Tyler Cuma 40 1 2 2
Last Minutes Offensive
Center Left Wing Right Wing Defense Defense
Tyler Bozak Kellan Lain Damien Brunner Lukas Krajicek Jared Cowen
Last Minutes Defensive
Center Left Wing Right Wing Defense Defense
Tyler Bozak Kellan Lain Damien Brunner Lukas Krajicek Jared Cowen
Goaltenders
Starting : Frederik Andersen
Backup : Marek Mazanek
Extra Forwards
Normal : Craig Smith, Pierre-Cédric Labrie, Tomas Kubalik - PP : Craig Smith, Pierre-Cédric Labrie - PK : Tomas Kubalik
Extra Defensemen
Normal : Jared Cowen, Tyson Barrie, Brian Dumoulin - PP : Jared Cowen - PK : Tyson Barrie, Brian Dumoulin
Penalty Shots
Craig Smith, Damien Brunner, Kellan Lain, Tyler Bozak, Jamie Arniel
% Time on Ice - Knights
Lines # - Real PCT - Wanted PCT - Time Play
Normal Forward
1 - 34% - 40% - 17:35
2 - 29% - 30% - 15:04
3 - 21% - 20% - 10:43
4 - 17% - 10% - 8:39
Normal Defense
1 - 42% - 40% - 22:02
2 - 27% - 30% - 14:07
3 - 24% - 20% - 12:22
4 - 7% - 10% - 3:30
PP Forward
1 - 60% - 60% - 2:25
2 - 40% - 40% - 1:36
PP Defense
1 - 59% - 60% - 2:21
2 - 41% - 40% - 1:40
PK Forward
1 - 76% - 60% - 2:50
2 - 24% - 40% - 0:53
PK Defense
1 - 62% - 60% - 2:19
2 - 38% - 40% - 1:24
PK3 Forward
1 - 0% - 60%
2 - 0% - 40%
PK3 Defense
1 - 0% - 60%
2 - 0% - 40%
44 Forward
1 - 100% - 60% - 0:15
2 - 0% - 40% - 0:00
44 Defense
1 - 0% - 60% - 0:00
2 - 100% - 40% - 0:15
Last Minute Offensive - 0:00
Last Minute Defensive - 0:00
Total
Forward - 60:00
Defense - 60:00
|
% Time on Ice - Diables
Lines # - Real PCT - Wanted PCT - Time Play
Normal Forward
1 - 37% - 40% - 19:24
2 - 32% - 30% - 16:28
3 - 20% - 20% - 10:29
4 - 11% - 10% - 5:40
Normal Defense
1 - 37% - 40% - 19:09
2 - 36% - 30% - 18:53
3 - 21% - 20% - 10:48
4 - 6% - 10% - 3:11
PP Forward
1 - 49% - 60% - 1:49
2 - 51% - 40% - 1:54
PP Defense
1 - 65% - 60% - 2:26
2 - 35% - 40% - 1:17
PK Forward
1 - 76% - 60% - 3:04
2 - 24% - 40% - 0:57
PK Defense
1 - 63% - 60% - 2:32
2 - 37% - 40% - 1:29
PK3 Forward
1 - 0% - 60%
2 - 0% - 40%
PK3 Defense
1 - 0% - 60%
2 - 0% - 40%
44 Forward
1 - 100% - 60% - 0:15
2 - 0% - 40% - 0:00
44 Defense
1 - 100% - 60% - 0:15
2 - 0% - 40% - 0:00
Last Minute Offensive - 0:00
Last Minute Defensive - 0:00
Total
Forward - 60:00
Defense - 60:00
|
Play by Play
1st period
0:01 of 1st period - Tyler Bozak wins face-off versus Tyler Seguin in neutral zone.
0:26 of 1st period - Pierre-Cédric Labrie is hit by Tomas Kundratek and loses puck.
0:33 of 1st period - Wrist shot by Alex Chiasson.
0:33 of 1st period - Shot Misses the Net.
0:53 of 1st period - Slapshot by Tomas Kubalik.
0:53 of 1st period - Shot Blocked by Joe Colborne.
0:57 of 1st period - Snap shot by Taylor Beck.
0:57 of 1st period - Deflect By Tomas Kubalik.
0:57 of 1st period - Stopped by Jacob Markstrom with a rebound.
2:06 of 1st period - Snap shot by Jamie Arniel.
2:06 of 1st period - Stopped by Jacob Markstrom with a rebound.
2:16 of 1st period - Nikita Nikitin is hit by Kellan Lain and loses puck.
2:28 of 1st period - Icing by Matt Jones.
2:29 of 1st period - Michael Raffl wins face-off versus Tyler Bozak in Diables zone.
2:34 of 1st period - Snap shot by Alex Chiasson.
2:34 of 1st period - Stopped by Frederik Andersen without a rebound.
2:35 of 1st period - Zack Hamill wins face-off versus Riley Sheahan in Diables zone.
3:02 of 1st period - James Wright is hit by Tyler Bozak and loses puck.
3:07 of 1st period - Slapshot by Damien Brunner.
3:07 of 1st period - Shot Blocked by Niklas Hjalmarsson.
3:09 of 1st period - Slapshot by Tyler Bozak.
3:09 of 1st period - Stopped by Jacob Markstrom with a rebound.
3:11 of 1st period - Wrist shot by Kellan Lain.
3:11 of 1st period - Shot Misses the Net.
3:26 of 1st period - Icing by Niklas Hjalmarsson.
3:27 of 1st period - Jamie Arniel wins face-off versus Jason Chimera in Knights zone.
4:01 of 1st period - Slapshot by Tyler Bozak.
4:01 of 1st period - Shot Blocked by Tomas Kundratek.
4:21 of 1st period - Snap shot by Dustin Kohn.
4:21 of 1st period - Deflect By Tomas Kubalik.
4:21 of 1st period - Stopped by Jacob Markstrom with a rebound.
4:23 of 1st period - Slapshot by Dustin Kohn.
4:23 of 1st period - Stopped by Jacob Markstrom without a rebound.
4:24 of 1st period - Tyler Seguin wins face-off versus Tyler Bozak in Knights zone.
4:33 of 1st period - Wrist shot by Jason Chimera.
4:33 of 1st period - Stopped by Frederik Andersen with a rebound.
4:35 of 1st period - Slapshot by Zbynek Michalek.
4:35 of 1st period - Shot Blocked by Kellan Lain.
4:37 of 1st period - Slapshot by Zbynek Michalek.
4:37 of 1st period - Shot Misses the Net.
4:49 of 1st period - Alex Chiasson is hit by Jamie Arniel and loses puck.
5:02 of 1st period - Snap shot by Steve Quailer.
5:02 of 1st period - Shot Blocked by Zack Hamill.
5:48 of 1st period - Backhand shot by Jason Chimera.
5:48 of 1st period - Stopped by Frederik Andersen with a rebound.
5:50 of 1st period - Slapshot by Zbynek Michalek.
5:50 of 1st period - Shot Misses the Net.
6:02 of 1st period - Slapshot by Kellan Lain.
6:02 of 1st period - Shot Hit the Post.
6:04 of 1st period - Wrist shot by Damien Brunner.
6:04 of 1st period - Stopped by Jacob Markstrom without a rebound.
6:05 of 1st period - Tyler Bozak wins face-off versus Zack Hamill in Knights zone.
6:06 of 1st period - Wrist shot by Damien Brunner.
6:06 of 1st period - Stopped by Jacob Markstrom with a rebound.
6:49 of 1st period - Jimmy Hayes is hit by Taylor Beck and loses puck.
6:56 of 1st period - Matt Jones is hit by Magnus Paajarvi-Svensson and loses puck.
7:11 of 1st period - Jared Cowen is hit by Joe Colborne and loses puck.
7:40 of 1st period - Nikita Nikitin is hit by Kellan Lain and loses puck.
7:57 of 1st period - Snap shot by Jamie Arniel.
7:57 of 1st period - Shot Blocked by Tomas Kundratek.
7:59 of 1st period - Backhand shot by Jamie Arniel.
7:59 of 1st period - Stopped by Jacob Markstrom without a rebound.
8:00 of 1st period - Jamie Arniel wins face-off versus Tyler Seguin in Knights zone.
8:29 of 1st period - Wrist shot by Chris Thorburn.
8:29 of 1st period - Shot Blocked by Steve Quailer.
8:31 of 1st period - Slapshot by Zbynek Michalek.
8:31 of 1st period - Deflect By Jamie Arniel.
8:31 of 1st period - Stopped by Frederik Andersen without a rebound.
8:32 of 1st period - Tyler Bozak wins face-off versus Zack Hamill in Diables zone.
8:39 of 1st period - Wrist shot by Tyler Bozak.
8:39 of 1st period - Stopped by Jacob Markstrom with a rebound.
8:57 of 1st period - James Wright is hit by Tyler Cuma and loses puck.
9:20 of 1st period - Garnet Exelby is hit by Dustin Kohn and loses puck.
9:35 of 1st period - Wrist shot by Jamie Arniel.
9:35 of 1st period - Stopped by Jacob Markstrom without a rebound.
9:36 of 1st period - Jamie Arniel wins face-off versus Tyler Seguin in Knights zone.
9:39 of 1st period - Wrist shot by Steve Quailer.
9:39 of 1st period - Shot Blocked by Tomas Kundratek.
10:52 of 1st period - Slapshot by Joe Colborne.
10:52 of 1st period - Goal by Joe Colborne - Knights : 1 - Diables : 0.
10:53 of 1st period - Tyler Bozak wins face-off versus Tyler Seguin in neutral zone.
12:24 of 1st period - Nicklas Grossman is hit by Damien Brunner and loses puck.
13:45 of 1st period - Tomas Kubalik is hit by Chris Thorburn and loses puck.
14:04 of 1st period - Craig Smith is hit by Garnet Exelby and loses puck.
14:25 of 1st period - Kellan Lain is hit by Jimmy Hayes and loses puck.
14:32 of 1st period - Wrist shot by Magnus Paajarvi-Svensson.
14:32 of 1st period - Goal by Magnus Paajarvi-Svensson - Knights : 2 - Diables : 0.
14:33 of 1st period - Tyler Bozak wins face-off versus Chris Thorburn in neutral zone.
14:40 of 1st period - Wrist shot by Jason Chimera.
14:40 of 1st period - Shot Misses the Net.
14:42 of 1st period - Snap shot by Tyler Seguin.
14:42 of 1st period - Stopped by Frederik Andersen with a rebound.
14:44 of 1st period - Slapshot by Tomas Kundratek.
14:44 of 1st period - Stopped by Frederik Andersen with a rebound.
14:46 of 1st period - Wrist shot by Tomas Kundratek.
14:46 of 1st period - Shot Misses the Net.
14:58 of 1st period - Alex Chiasson is hit by Jamie Arniel and loses puck.
15:03 of 1st period - Snap shot by Steve Quailer.
15:03 of 1st period - Shot Blocked by Niklas Hjalmarsson.
15:05 of 1st period - Slapshot by Lukas Krajicek.
15:05 of 1st period - Stopped by Jacob Markstrom without a rebound.
15:06 of 1st period - Tyler Seguin wins face-off versus Jamie Arniel in Knights zone.
16:04 of 1st period - Wrist shot by Riley Sheahan.
16:04 of 1st period - Shot Misses the Net.
16:22 of 1st period - Nicklas Grossman is hit by Craig Smith and loses puck.
16:35 of 1st period - Matt Jones is hit by Kevin Hayes and loses puck.
16:54 of 1st period - Nicklas Grossman is hit by Tyler Bozak and loses puck.
17:17 of 1st period - Snap shot by Tomas Kubalik.
17:17 of 1st period - Deflect By Taylor Beck.
17:17 of 1st period - Shot Misses the Net.
17:17 of 1st period - Puck is out of play.
17:18 of 1st period - James Wright wins face-off versus Jamie Arniel in Knights zone.
17:28 of 1st period - Off-side.
17:29 of 1st period - Tyler Bozak wins face-off versus Tyler Seguin in neutral zone.
17:40 of 1st period - Slapshot by Damien Brunner.
17:40 of 1st period - Stopped by Jacob Markstrom with a rebound.
18:13 of 1st period - Tomas Kundratek is hit by Taylor Beck and loses puck.
18:22 of 1st period - Snap shot by Jimmy Hayes.
18:22 of 1st period - Stopped by Frederik Andersen without a rebound.
18:23 of 1st period - Chris Thorburn wins face-off versus Tyler Bozak in Diables zone.
18:51 of 1st period - Icing by Zack Hamill.
18:52 of 1st period - Jamie Arniel wins face-off versus Zack Hamill in Knights zone.
19:55 of 1st period - Snap shot by Joe Colborne.
19:55 of 1st period - Stopped by Frederik Andersen with a rebound.
Goals for this period are 2 for Knights vs 0 for Diables.
Shots for this period are 10 for Knights vs 12 for Diables.
2nd period
0:01 of 2nd period - Tyler Bozak wins face-off versus Tyler Seguin in neutral zone.
0:08 of 2nd period - Niklas Hjalmarsson is hit by Lukas Krajicek and loses puck.
0:14 of 2nd period - Minor Penalty to Kellan Lain for Holding.
0:15 of 2nd period - Zack Hamill wins face-off versus Jamie Arniel in Diables zone.
0:15 of 2nd period - Snap shot by Alex Chiasson.
0:15 of 2nd period - Shot Misses the Net.
0:25 of 2nd period - Wrist shot by Alex Chiasson.
0:25 of 2nd period - Stopped by Frederik Andersen with a rebound.
0:27 of 2nd period - Backhand shot by Niklas Hjalmarsson.
0:27 of 2nd period - Stopped by Frederik Andersen with a rebound.
0:29 of 2nd period - Slapshot by Garnet Exelby.
0:29 of 2nd period - Stopped by Frederik Andersen without a rebound.
0:30 of 2nd period - Zack Hamill wins face-off versus Jamie Arniel in Diables zone.
0:31 of 2nd period - Wrist shot by Alex Chiasson.
0:31 of 2nd period - Stopped by Frederik Andersen without a rebound.
0:32 of 2nd period - Jamie Arniel wins face-off versus Zack Hamill in Diables zone.
0:32 of 2nd period - Jamie Arniel is hit by Jason Chimera.
1:31 of 2nd period - Icing by Alex Chiasson.
1:32 of 2nd period - Jamie Arniel wins face-off versus Zack Hamill in Knights zone.
2:14 of 2nd period - Penalty to Kellan Lain is over, Kellan Lain is back on ice.
3:10 of 2nd period - Jamie Arniel is hit by Alex Chiasson and loses puck.
3:22 of 2nd period - Icing by Steve Quailer.
3:23 of 2nd period - James Wright wins face-off versus Jamie Arniel in Diables zone.
3:28 of 2nd period - Wrist shot by Jimmy Hayes.
3:28 of 2nd period - Shot Misses the Net.
3:30 of 2nd period - Snap shot by Nicklas Grossman.
3:30 of 2nd period - Stopped by Frederik Andersen with a rebound.
3:32 of 2nd period - Snap shot by Jimmy Hayes.
3:32 of 2nd period - Deflect By Dustin Kohn.
3:32 of 2nd period - Stopped by Frederik Andersen with a rebound.
3:34 of 2nd period - Backhand shot by Nicklas Grossman.
3:34 of 2nd period - Shot Misses the Net.
3:48 of 2nd period - Snap shot by Taylor Beck.
3:48 of 2nd period - Stopped by Jacob Markstrom with a rebound.
3:50 of 2nd period - Snap shot by Tomas Kubalik.
3:50 of 2nd period - Stopped by Jacob Markstrom with a rebound.
3:52 of 2nd period - Slapshot by Tyler Cuma.
3:52 of 2nd period - Shot Blocked by Jason Chimera.
3:54 of 2nd period - Snap shot by Tomas Kubalik.
3:54 of 2nd period - Stopped by Jacob Markstrom with a rebound.
4:08 of 2nd period - Slapshot by Chris Thorburn.
4:08 of 2nd period - Stopped by Frederik Andersen with a rebound.
4:10 of 2nd period - Snap shot by Alex Chiasson.
4:10 of 2nd period - Deflect By Zack Hamill.
4:10 of 2nd period - Stopped by Frederik Andersen with a rebound.
4:12 of 2nd period - Wrist shot by Michael Raffl.
4:12 of 2nd period - Shot Blocked by Matt Jones.
4:14 of 2nd period - Wrist shot by Zack Hamill.
4:14 of 2nd period - Goal by Zack Hamill - Knights : 3 - Diables : 0.
4:15 of 2nd period - Tyler Bozak wins face-off versus Tyler Seguin in neutral zone.
4:58 of 2nd period - Icing by Zack Hamill.
4:59 of 2nd period - Riley Sheahan wins face-off versus Zack Hamill in Knights zone.
5:15 of 2nd period - Wrist shot by Alex Chiasson.
5:15 of 2nd period - Stopped by Frederik Andersen without a rebound.
5:16 of 2nd period - Jamie Arniel wins face-off versus Tyler Seguin in Diables zone.
5:16 of 2nd period - Jamie Arniel is hit by Chris Thorburn.
5:48 of 2nd period - Snap shot by Jimmy Hayes.
5:48 of 2nd period - Stopped by Frederik Andersen with a rebound.
5:50 of 2nd period - Wrist shot by James Wright.
5:50 of 2nd period - Stopped by Frederik Andersen without a rebound.
5:51 of 2nd period - Tyler Bozak wins face-off versus Zack Hamill in Diables zone.
7:19 of 2nd period - Garnet Exelby is hit by Craig Smith and loses puck.
7:50 of 2nd period - Slapshot by Jason Chimera.
7:50 of 2nd period - Stopped by Frederik Andersen without a rebound.
7:51 of 2nd period - Zack Hamill wins face-off versus Tyler Bozak in Diables zone.
7:52 of 2nd period - Wrist shot by Alex Chiasson.
7:52 of 2nd period - Shot Misses the Net.
8:21 of 2nd period - Tyler Seguin is hit by Pierre-Cédric Labrie and loses puck.
8:26 of 2nd period - Snap shot by Pierre-Cédric Labrie.
8:26 of 2nd period - Stopped by Jacob Markstrom with a rebound.
8:28 of 2nd period - Slapshot by Matt Jones.
8:28 of 2nd period - Deflect By Jamie Arniel.
8:28 of 2nd period - Shot Misses the Net.
8:28 of 2nd period - Puck is out of play.
8:29 of 2nd period - James Wright wins face-off versus Jamie Arniel in Knights zone.
8:44 of 2nd period - Wrist shot by Jamie Arniel.
8:44 of 2nd period - Deflect By Tomas Kundratek.
8:44 of 2nd period - Shot Misses the Net.
8:44 of 2nd period - Puck is out of play.
8:45 of 2nd period - Tyler Seguin wins face-off versus Tyler Bozak in Knights zone.
9:11 of 2nd period - Zack Hamill is hit by Steve Quailer and loses puck.
9:32 of 2nd period - Slapshot by Tomas Kubalik.
9:32 of 2nd period - Stopped by Jacob Markstrom with a rebound.
9:39 of 2nd period - Icing by Dustin Kohn.
9:40 of 2nd period - Riley Sheahan wins face-off versus Tyler Seguin in Diables zone.
9:40 of 2nd period - Riley Sheahan is hit by Jason Chimera.
9:47 of 2nd period - Taylor Beck is hit by Tyler Seguin and loses puck.
9:50 of 2nd period - Minor Penalty to Garnet Exelby for Hooking.
9:51 of 2nd period - James Wright wins face-off versus Tyler Bozak in Knights zone.
10:16 of 2nd period - Chris Thorburn is hit by Pierre-Cédric Labrie and loses puck.
10:39 of 2nd period - Snap shot by Jason Chimera.
10:39 of 2nd period - Shot Blocked by Tyler Bozak.
11:47 of 2nd period - Damien Brunner is hit by Zbynek Michalek and loses puck.
11:50 of 2nd period - Penalty to Garnet Exelby is over, Garnet Exelby is back on ice.
12:06 of 2nd period - Wrist shot by Jason Zucker.
12:06 of 2nd period - Stopped by Frederik Andersen without a rebound.
12:07 of 2nd period - Tomas Kubalik wins face-off versus Zack Hamill in Diables zone.
12:14 of 2nd period - Wrist shot by Taylor Beck.
12:14 of 2nd period - Stopped by Jacob Markstrom without a rebound.
12:15 of 2nd period - Zack Hamill wins face-off versus Riley Sheahan in Knights zone.
12:30 of 2nd period - Riley Sheahan is hit by Michael Raffl and loses puck.
12:52 of 2nd period - Wrist shot by Tomas Kubalik.
12:52 of 2nd period - Stopped by Jacob Markstrom without a rebound.
12:53 of 2nd period - Tyler Bozak wins face-off versus Tyler Seguin in Knights zone.
12:56 of 2nd period - Wrist shot by Tyler Bozak.
12:56 of 2nd period - Deflect By Jason Chimera.
12:56 of 2nd period - Stopped by Jacob Markstrom with a rebound.
12:58 of 2nd period - Wrist shot by Tyler Bozak.
12:58 of 2nd period - Goal by Tyler Bozak - Knights : 3 - Diables : 1.
12:59 of 2nd period - Tyler Bozak wins face-off versus Tyler Seguin in neutral zone.
13:12 of 2nd period - Wrist shot by Damien Brunner.
13:12 of 2nd period - Shot Blocked by Niklas Hjalmarsson.
13:49 of 2nd period - Steve Quailer is hit by Joe Colborne and loses puck.
14:33 of 2nd period - Snap shot by Tomas Kubalik.
14:33 of 2nd period - Stopped by Jacob Markstrom without a rebound.
14:34 of 2nd period - Riley Sheahan wins face-off versus Tyler Seguin in Knights zone.
14:39 of 2nd period - Snap shot by Tomas Kubalik.
14:39 of 2nd period - Stopped by Jacob Markstrom without a rebound.
14:40 of 2nd period - Tyler Seguin wins face-off versus Tyler Bozak in Knights zone.
14:55 of 2nd period - Snap shot by Jason Chimera.
14:55 of 2nd period - Stopped by Frederik Andersen with a rebound.
15:05 of 2nd period - Slapshot by Zack Hamill.
15:05 of 2nd period - Stopped by Frederik Andersen with a rebound.
15:07 of 2nd period - Backhand shot by Tomas Kundratek.
15:07 of 2nd period - Stopped by Frederik Andersen with a rebound.
15:09 of 2nd period - Slapshot by Tomas Kundratek.
15:09 of 2nd period - Stopped by Frederik Andersen with a rebound.
15:11 of 2nd period - Snap shot by Zack Hamill.
15:11 of 2nd period - Stopped by Frederik Andersen without a rebound.
15:12 of 2nd period - Jamie Arniel wins face-off versus Chris Thorburn in Diables zone.
15:28 of 2nd period - Slapshot by Lukas Krajicek.
15:28 of 2nd period - Deflect By Jamie Arniel.
15:28 of 2nd period - Stopped by Jacob Markstrom with a rebound.
15:42 of 2nd period - Slapshot by Alex Chiasson.
15:42 of 2nd period - Shot Misses the Net.
16:06 of 2nd period - Slapshot by Jimmy Hayes.
16:06 of 2nd period - Stopped by Frederik Andersen without a rebound.
16:07 of 2nd period - Jamie Arniel wins face-off versus Tyler Seguin in Diables zone.
16:07 of 2nd period - Jamie Arniel is hit by Jason Chimera.
16:38 of 2nd period - Snap shot by Zack Hamill.
16:38 of 2nd period - Stopped by Frederik Andersen without a rebound.
16:39 of 2nd period - Tyler Bozak wins face-off versus Zack Hamill in Diables zone.
17:13 of 2nd period - Snap shot by Jamie Arniel.
17:13 of 2nd period - Deflect By Steve Quailer.
17:13 of 2nd period - Shot Misses the Net.
17:13 of 2nd period - Puck is out of play.
17:14 of 2nd period - Tyler Bozak wins face-off versus James Wright in Knights zone.
17:15 of 2nd period - Snap shot by Damien Brunner.
17:15 of 2nd period - Stopped by Jacob Markstrom with a rebound.
17:41 of 2nd period - Pierre-Cédric Labrie is hit by Tyler Seguin and loses puck.
18:21 of 2nd period - Slapshot by Zbynek Michalek.
18:21 of 2nd period - Shot Blocked by Jared Cowen.
18:23 of 2nd period - Wrist shot by Jason Zucker.
18:23 of 2nd period - Shot Blocked by J.T. Brown.
18:25 of 2nd period - Snap shot by Kevin Hayes.
18:25 of 2nd period - Stopped by Frederik Andersen with a rebound.
18:27 of 2nd period - Wrist shot by Kevin Hayes.
18:27 of 2nd period - Goal by Kevin Hayes - Knights : 4 - Diables : 1.
18:28 of 2nd period - Tyler Bozak wins face-off versus Tyler Seguin in neutral zone.
18:55 of 2nd period - Michael Raffl is hit by Jared Cowen and loses puck.
19:26 of 2nd period - Snap shot by James Wright.
19:26 of 2nd period - Deflect By Jimmy Hayes.
19:26 of 2nd period - Shot Misses the Net.
19:26 of 2nd period - Puck is out of play.
19:27 of 2nd period - Tyler Seguin wins face-off versus Tyler Bozak in Diables zone.
19:54 of 2nd period - Snap shot by Alex Chiasson.
19:54 of 2nd period - Stopped by Frederik Andersen with a rebound.
19:56 of 2nd period - Wrist shot by Michael Raffl.
19:56 of 2nd period - Stopped by Frederik Andersen without a rebound.
19:57 of 2nd period - Jamie Arniel wins face-off versus Zack Hamill in Diables zone.
Goals for this period are 2 for Knights vs 1 for Diables.
Shots for this period are 25 for Knights vs 13 for Diables.
3rd period
0:01 of 3rd period - Tyler Seguin wins face-off versus Tyler Bozak in neutral zone.
0:13 of 3rd period - Off-side.
0:14 of 3rd period - Tyler Seguin wins face-off versus Tyler Bozak in neutral zone.
0:25 of 3rd period - Snap shot by Chris Thorburn.
0:25 of 3rd period - Stopped by Frederik Andersen without a rebound.
0:26 of 3rd period - Tyler Seguin wins face-off versus Tyler Bozak in Diables zone.
0:59 of 3rd period - Wrist shot by Jamie Arniel.
0:59 of 3rd period - Stopped by Jacob Markstrom with a rebound.
1:01 of 3rd period - Slapshot by Jared Cowen.
1:01 of 3rd period - Deflect By Steve Quailer.
1:01 of 3rd period - Shot Blocked by Tomas Kundratek.
1:01 of 3rd period - Puck is out of play.
1:02 of 3rd period - Magnus Paajarvi-Svensson wins face-off versus Pierre-Cédric Labrie in Knights zone.
1:15 of 3rd period - Wrist shot by Magnus Paajarvi-Svensson.
1:15 of 3rd period - Stopped by Frederik Andersen with a rebound.
1:17 of 3rd period - Snap shot by Garnet Exelby.
1:17 of 3rd period - Shot Misses the Net.
1:46 of 3rd period - Zbynek Michalek is hit by Pierre-Cédric Labrie and loses puck.
1:55 of 3rd period - Jamie Arniel is hit by Zbynek Michalek and loses puck.
2:14 of 3rd period - Slapshot by Alex Chiasson.
2:14 of 3rd period - Shot Blocked by Lukas Krajicek.
2:58 of 3rd period - Jamie Arniel is hit by Alex Chiasson and loses puck.
3:09 of 3rd period - Zack Hamill is hit by Steve Quailer and loses puck.
3:14 of 3rd period - Wrist shot by Jamie Arniel.
3:14 of 3rd period - Stopped by Jacob Markstrom without a rebound.
3:15 of 3rd period - Tyler Seguin wins face-off versus Tyler Bozak in Knights zone.
3:47 of 3rd period - Snap shot by Tyler Cuma.
3:47 of 3rd period - Stopped by Jacob Markstrom with a rebound.
3:49 of 3rd period - Slapshot by Tyler Cuma.
3:49 of 3rd period - Deflect By Taylor Beck.
3:49 of 3rd period - Stopped by Jacob Markstrom without a rebound.
3:50 of 3rd period - James Wright wins face-off versus Riley Sheahan in Knights zone.
3:50 of 3rd period - James Wright is hit by Taylor Beck.
3:56 of 3rd period - Snap shot by Magnus Paajarvi-Svensson.
3:56 of 3rd period - Stopped by Frederik Andersen with a rebound.
4:00 of 3rd period - Snap shot by James Wright.
4:00 of 3rd period - Shot Misses the Net.
4:06 of 3rd period - Slapshot by Magnus Paajarvi-Svensson.
4:06 of 3rd period - Stopped by Frederik Andersen without a rebound.
4:07 of 3rd period - Tyler Seguin wins face-off versus Tyler Bozak in Diables zone.
4:39 of 3rd period - Nikita Nikitin is hit by Craig Smith and loses puck.
4:56 of 3rd period - Slapshot by Tyler Cuma.
4:56 of 3rd period - Stopped by Jacob Markstrom with a rebound.
4:58 of 3rd period - Snap shot by Riley Sheahan.
4:58 of 3rd period - Stopped by Jacob Markstrom without a rebound.
4:59 of 3rd period - Joe Colborne wins face-off versus Riley Sheahan in Knights zone.
5:26 of 3rd period - Taylor Beck is hit by Tomas Kundratek.
5:36 of 3rd period - Slapshot by Garnet Exelby.
5:36 of 3rd period - Deflect By Jason Zucker.
5:36 of 3rd period - Stopped by Frederik Andersen with a rebound.
5:38 of 3rd period - Slapshot by Garnet Exelby.
5:38 of 3rd period - Deflect By Joe Colborne.
5:38 of 3rd period - Goal by Joe Colborne - Knights : 5 - Diables : 1.
5:39 of 3rd period - Tyler Bozak wins face-off versus Jason Chimera in neutral zone.
6:05 of 3rd period - Tomas Kundratek is hit by Jared Cowen and loses puck.
7:06 of 3rd period - Slapshot by Dustin Kohn.
7:06 of 3rd period - Stopped by Jacob Markstrom without a rebound.
7:07 of 3rd period - Jamie Arniel wins face-off versus Tyler Seguin in Knights zone.
7:08 of 3rd period - Snap shot by Tyler Cuma.
7:08 of 3rd period - Shot Blocked by Nikita Nikitin.
7:10 of 3rd period - Wrist shot by Pierre-Cédric Labrie.
7:10 of 3rd period - Stopped by Jacob Markstrom without a rebound.
7:11 of 3rd period - Tyler Seguin wins face-off versus Jamie Arniel in Knights zone.
7:44 of 3rd period - Snap shot by Steve Quailer.
7:44 of 3rd period - Shot Misses the Net.
7:56 of 3rd period - Snap shot by Lukas Krajicek.
7:56 of 3rd period - Deflect By Pierre-Cédric Labrie.
7:56 of 3rd period - Shot Misses the Net.
7:56 of 3rd period - Puck is out of play.
7:57 of 3rd period - Zack Hamill wins face-off versus Tyler Bozak in Knights zone.
8:02 of 3rd period - Wrist shot by Niklas Hjalmarsson.
8:02 of 3rd period - Shot Blocked by Damien Brunner.
8:04 of 3rd period - Snap shot by Alex Chiasson.
8:04 of 3rd period - Deflect By Zack Hamill.
8:04 of 3rd period - Shot Blocked by Tyson Barrie.
8:04 of 3rd period - Puck is out of play.
8:05 of 3rd period - Zack Hamill wins face-off versus Tyler Bozak in Diables zone.
8:08 of 3rd period - Snap shot by Zack Hamill.
8:08 of 3rd period - Deflect By Alex Chiasson.
8:08 of 3rd period - Stopped by Frederik Andersen without a rebound.
8:09 of 3rd period - Tyler Bozak wins face-off versus James Wright in Diables zone.
8:09 of 3rd period - Tyler Bozak is hit by Jimmy Hayes.
8:19 of 3rd period - Slapshot by Magnus Paajarvi-Svensson.
8:19 of 3rd period - Deflect By Jimmy Hayes.
8:19 of 3rd period - Shot Misses the Net.
8:19 of 3rd period - Puck is out of play.
8:20 of 3rd period - Tyler Seguin wins face-off versus Tyler Bozak in Diables zone.
8:45 of 3rd period - Lukas Krajicek is hit by Michael Raffl.
9:28 of 3rd period - Slapshot by Tyler Cuma.
9:28 of 3rd period - Deflect By Steve Quailer.
9:28 of 3rd period - Stopped by Jacob Markstrom without a rebound.
9:29 of 3rd period - Joe Colborne wins face-off versus Jamie Arniel in Knights zone.
9:48 of 3rd period - Joe Colborne is hit by Steve Quailer and loses puck.
9:55 of 3rd period - Slapshot by Jamie Arniel.
9:55 of 3rd period - Shot Blocked by Zbynek Michalek.
10:06 of 3rd period - Minor Penalty to Joe Colborne for Hooking.
10:07 of 3rd period - James Wright wins face-off versus Tyler Bozak in Knights zone.
10:21 of 3rd period - Wrist shot by Damien Brunner.
10:21 of 3rd period - Deflect By Tyler Bozak.
10:21 of 3rd period - Stopped by Jacob Markstrom with a rebound.
10:23 of 3rd period - Slapshot by Lukas Krajicek.
10:23 of 3rd period - Stopped by Jacob Markstrom with a rebound.
11:37 of 3rd period - Jared Cowen is hit by Magnus Paajarvi-Svensson and loses puck.
11:50 of 3rd period - Minor Penalty to Craig Smith for Roughing.
11:51 of 3rd period - Zack Hamill wins face-off versus Jamie Arniel in Diables zone.
12:04 of 3rd period - Snap shot by Alex Chiasson.
12:04 of 3rd period - Shot Blocked by Lukas Krajicek.
12:06 of 3rd period - Penalty to Joe Colborne is over, Joe Colborne is back on ice.
12:06 of 3rd period - Snap shot by Zack Hamill.
12:06 of 3rd period - Shot Blocked by Matt Jones.
12:08 of 3rd period - Snap shot by Zack Hamill.
12:08 of 3rd period - Goal by Zack Hamill - Knights : 6 - Diables : 1.
12:09 of 3rd period - Tyler Seguin wins face-off versus Tyler Bozak in neutral zone.
12:32 of 3rd period - Minor Penalty to Tyler Bozak for High sticking.
12:33 of 3rd period - Zack Hamill wins face-off versus Jamie Arniel in Diables zone.
14:32 of 3rd period - Penalty to Tyler Bozak is over, Tyler Bozak is back on ice.
15:58 of 3rd period - Taylor Beck is hit by Kevin Hayes and loses puck.
16:13 of 3rd period - Icing by Jamie Arniel.
16:14 of 3rd period - Tyler Seguin wins face-off versus Jamie Arniel in Diables zone.
16:17 of 3rd period - Wrist shot by Chris Thorburn.
16:17 of 3rd period - Stopped by Frederik Andersen with a rebound.
16:40 of 3rd period - Wrist shot by Jimmy Hayes.
16:40 of 3rd period - Stopped by Frederik Andersen without a rebound.
16:41 of 3rd period - Tyler Bozak wins face-off versus James Wright in Diables zone.
16:54 of 3rd period - Slapshot by Dustin Kohn.
16:54 of 3rd period - Deflect By Damien Brunner.
16:54 of 3rd period - Shot Misses the Net.
16:54 of 3rd period - Puck is out of play.
16:55 of 3rd period - Tyler Seguin wins face-off versus Tyler Bozak in Knights zone.
17:17 of 3rd period - Icing by Jason Chimera.
17:18 of 3rd period - Pierre-Cédric Labrie wins face-off versus Jason Chimera in Knights zone.
18:30 of 3rd period - Wrist shot by Damien Brunner.
18:30 of 3rd period - Shot Misses the Net.
18:32 of 3rd period - Snap shot by Tyler Bozak.
18:32 of 3rd period - Stopped by Jacob Markstrom with a rebound.
18:34 of 3rd period - Wrist shot by Kellan Lain.
18:34 of 3rd period - Shot Misses the Net.
18:36 of 3rd period - Snap shot by Tyler Bozak.
18:36 of 3rd period - Stopped by Jacob Markstrom with a rebound.
18:38 of 3rd period - Snap shot by Tyler Bozak.
18:38 of 3rd period - Shot Misses the Net.
18:48 of 3rd period - Wrist shot by Tyler Bozak.
18:48 of 3rd period - Shot Misses the Net.
19:16 of 3rd period - Slapshot by Tyler Cuma.
19:16 of 3rd period - Stopped by Jacob Markstrom with a rebound.
19:22 of 3rd period - Snap shot by Damien Brunner.
19:22 of 3rd period - Stopped by Jacob Markstrom with a rebound.
19:47 of 3rd period - Wrist shot by Tyler Bozak.
19:47 of 3rd period - Shot Misses the Net.
19:49 of 3rd period - Snap shot by Kellan Lain.
19:49 of 3rd period - Stopped by Jacob Markstrom with a rebound.
Goals for this period are 2 for Knights vs 0 for Diables.
Shots for this period are 10 for Knights vs 16 for Diables.
Back to the Top